 Dungeon Crawl Stone Soup version 0.25-a0-518-g7669666 (webtiles) character file.

Game seed: 8712246049344224755, levelgen mode: deterministic

192 15 the Firebug (level 5, -3/41 HPs)
             Began as a Draconian Fire Elementalist on Feb 16, 2020.
             Slain by an orc
             ... wielding a +0 hand axe
              (7 damage)
             ... on level 3 of the Dungeon on Feb 17, 2020.
             The game lasted 00:13:18 (2278 turns).

15 the Firebug (Draconian Fire Elementalist)        Turns: 2278, Time: 00:13:19

Health: -3/41      AC:  5    Str: 10    XL:     5   Next: 42%
Magic:  1/9        EV: 12    Int: 16    God:
Gold:   167        SH:  0    Dex: 12    Spells: 3/10 levels left

rFire    . . .     SeeInvis .   e - +1 dagger (speed)
rCold    . . .     Gourm    .   (no shield)
rNeg     . . .     Faith    .   (armour unavailable)
rPois    .         Spirit   .   (helmet restricted)
rElec    .         Reflect  .   (no cloak)
rCorr    .         Harm     .   (no gloves)
MR       .....                  (no boots)
Stlth    ++........             (no amulet)
HPRegen  0.13/turn              g - ring of flight
MPRegen  0.11/turn              (no ring)

@: very slightly contaminated
A: unfitting armour, cold-blooded, AC +5
a: Evoke Flight


You were on level 3 of the Dungeon.
You were hungry.

You visited 1 branch of the dungeon, and saw 3 of its levels.

You collected 167 gold pieces.

Inventory:

Hand Weapons
 e - a +1 dagger of speed (weapon)
Jewellery
 g - a ring of flight (left hand)
Scrolls
 c - 3 scrolls of teleportation
 h - 2 scrolls of amnesia {unknown}
 i - a scroll of immolation
 j - 2 scrolls of fear
 k - a scroll of fog {unknown}
Potions
 d - a potion of heal wounds
 f - a potion of curing {unknown}
Comestibles
 a - 11 chunks of flesh
 b - 6 rations


   Skills:
 * Level 1.9 Fighting
 + Level 0.4 Short Blades
 * Level 2.5 Dodging
 - Level 1.7 Stealth
 + Level 0.4 Unarmed Combat
 * Level 3.2 Spellcasting
 * Level 2.2 Conjurations
 + Level 3.6 Fire Magic
 * Level 0.6 Evocations


You had 3 spell levels left.
You knew the following spells:

 Your Spells              Type           Power        Failure   Level  Hunger
a - Foxfire               Conj/Fire      ##..         5%          1    None
b - Conjure Flame         Conj/Fire      ##......     16%         3    ###....
c - Inner Flame           Hex/Fire       #.......     26%         3    ###....

Your spell library contained the following spells:

 Spells                   Type           Power        Failure   Level  Hunger
 Sticky Flame             Conj/Fire      ##......     47%         4    ####...
 Fireball                 Conj/Fire      ##........   83%         5    ######.


Dungeon Overview and Level Annotations

Branches:
Dungeon (3/15)

Altars:
Dithmenos


Innate Abilities, Weirdness & Mutations

Your plain brown scales are hard. (AC +5)
You cannot fit into any form of body armour.
You are cold-blooded and may be slowed by cold attacks.


Message History

The orc is lightly wounded.
The foxfire hits the orc.
The orc is moderately wounded.
The foxfire hits the orc but does no damage.
The orc is moderately wounded.
You barely miss the orc.
The orc is moderately wounded.
The orc hits you with a +0 hand axe.
* * * LOW HITPOINT WARNING * * *
Casting: Foxfire (safe; 5% risk of failure)
Confirm with . or Enter, or press ? or * to list all spells.
You miscast Foxfire.
You are very lightly contaminated with residual magic.
Nothing appears to happen.
The orc barely misses you.
You hit the orc.
The orc is heavily wounded.
You hit the orc but do no damage.
The orc is heavily wounded.
The orc hits you with a +0 hand axe!
You die...

#.......# .#
#.......###
#.......##.#
##.........#
#..........#.#
#...........
#..........#(#
#...).......
#......... #.#
#...........
#........ #.#
#...)......#
#.......##+#.#
#..)รท......#
.......(.....#
#...........
#.......#o@..#
#.###.#...#.
....o####....#
#.###'#...#.
.... #....#
#.##......#. ...
####.#
#.##......## ..
#.# #..<........
.
#.######....####
#.).............
#.)....########.
#......##.......


You could see an orc.

Vanquished Creatures
  A hound (D:2)
  2 orc wizards (D:3)
  2 adders (D:2)
  An ooze (D:1)
  3 worms
  2 leopard geckos
  5 orcs
  5 ball pythons
  7 bats
  7 giant cockroaches
  7 goblins
  7 hobgoblins
  3 quokkas
  7 frilled lizards
  6 kobolds
  6 rats
71 creatures vanquished.

Vanquished Creatures (others)
  185 foxfires
185 creatures vanquished.

Grand Total: 256 creatures vanquished

Notes
Turn   | Place    | Note
-------+----------+-------------------------------------------
     0 | D:1      | 15 the Draconian Fire Elementalist began the quest for the
                  | Orb.
     0 | D:1      | Reached XP level 1. HP: 14/14 MP: 3/3
    79 | D:1      | Reached XP level 2. HP: 20/20 MP: 0/5
   671 | D:1      | Reached XP level 3. HP: 27/27 MP: 1/6
   703 | D:1      | Learned a level 3 spell: Conjure Flame
  1123 | D:2      | Found a shadowy altar of Dithmenos.
  1246 | D:2      | Reached skill level 1 in Fighting
  1330 | D:2      | Learned a level 3 spell: Inner Flame
  1585 | D:2      | Reached XP level 4. HP: 30/35 MP: 3/8
  2100 | D:3      | Upgraded the game from 0.25-a0-516-g7d600cd to
                  | 0.25-a0-518-g7669666
  2111 | D:3      | Reached XP level 5. HP: 41/41 MP: 0/9
  2278 | D:3      | Slain by an orc

Levels and vault maps discovered:
D:1:      minmay_arrival_shattered_statue, layout_basic,
          minmay_indecisive_spiral
D:2:      minmay_spotlight, layout_loops_corners,
          nicolae_dithmenos_shadow_blocks, serial_bayou_pond_c
D:3:      layout_basic, tgw_xom

Skill      XL: |  1  2  3  4 |
---------------+-------------+-----
Dodging        | 2 |  2.5
Fighting       | 1 |  1.9
Spellcasting   | 3 |  3.2
Conjurations   | 2 |  2.2
Short Blades   | |  0.4
Stealth        | |  1.7
Unarmed Combat | |  0.4
Fire Magic     | |  3.6
Evocations     | |  0.6

Action                   |  1- 3 |  4- 6 || total
-------------------------+-------+-------++-------
Melee: Unarmed           |     7 |       ||     7
       Dagger            |    64 |    45 ||   109
       Tailslap          |     5 |     9 ||    14
 Cast: Foxfire           |    85 |    47 ||   132
  Use: Scroll            |       |     4 ||     4
  Eat: Chunk             |     3 |     2 ||     5
Armor: Skin              |    18 |     7 ||    25
Dodge: Dodged            |    44 |    22 ||    66

Table legend:
 A = Non-vault XP
 B = Vault XP
 C = Vault XP percentage of total XP
 D = Non-vault monster count
 E = Vault monster count
 F = Vault count percentage of total count
                 A         B        C        D         E       F
            +---------+---------+-------+---------+---------+-------
      Total |     262 |      13 |   4.7 |      64 |       7 |   9.9
            +---------+---------+-------+---------+---------+-------
        D:1 |      40 |       8 |  16.7 |      22 |       4 |  15.4
        D:2 |     108 |       5 |   4.4 |      23 |       3 |  11.5
        D:3 |     114 |       0 |   0.0 |      19 |       0 |   0.0
            +---------+---------+-------+---------+---------+-------
